 Dungeon Crawl Stone Soup version 0.18.1-8-gdd0e5ea (webtiles) character file.

418 mindo the Chiller (level 6, 0/37 HPs)
             Began as a High Elf Ice Elementalist on June 8, 2016.
             Splashed by a jelly's acid (4 damage)
             ... on level 6 of the Dungeon on June 9, 2016.
             The game lasted 00:42:15 (3472 turns).

mindo the Chiller (High Elf Ice Elementalist)       Turns: 3472, Time: 00:42:16

Health: 0/37       AC: -1    Str:  7    XL:     6   Next: 61%
Magic:  9/14       EV: 13    Int: 21    God:
Gold:   155        SH:  0    Dex: 16    Spells: 3 memorised, 9 levels left

rFire  + . .     SeeInvis .     w - +1 dagger (speed)
rCold  + + .     Gourm    .     a - +0 robe
rNeg   . . .     Faith    .     (no shield)
rPois  +         Spirit   .     (no helmet)
rElec  +         Dismiss  .     (no cloak)
rCorr  +         Reflect  .     (no gloves)
SustAt .         Harm     .     q - +0 pair of boots
MR     .....                    (no amulet)
Stlth  ++........               (no ring)
                                y - ring of protection from cold

@: resistant, corroded, not resistant to hostile enchantments, unstealthy
A: electricity resistance
a: no special abilities


You were on level 6 of the Dungeon.
You were not hungry.

You visited 2 branches of the dungeon, and saw 7 of its levels.

You collected 155 gold pieces.

Inventory:

Hand Weapons
 d - a +0 dagger
 j - a +0 short sword
 u - a +0 quarterstaff
 w - a +1 dagger of speed (weapon)
Armour
 a - a +0 robe (worn)
 k - a +0 chain mail
 q - a +0 pair of boots (worn)
 t - a +0 leather armour
Jewellery
 x - an uncursed amulet of guardian spirit
 y - a ring of protection from cold (left hand)
Wands
 z - a wand of lightning (9/15)
Scrolls
 n - 6 scrolls of teleportation {unknown}
 p - 2 scrolls of enchant weapon {unknown}
 r - a scroll of recharging {unknown}
 A - a scroll of remove curse {unknown}
Potions
 h - a potion of degeneration {unknown}
 i - 2 potions of heal wounds {unknown}
 v - 2 potions of lignification {unknown}
Books
 b - a book of Frost

   Spells                             Type                      Level
   a - Freeze                         Ice                          1
   b - Throw Frost                    Conjuration/Ice              2
   c - Ozocubu's Armour               Charms/Ice                   3
   d - Throw Icicle                   Conjuration/Ice              4
   e - Summon Ice Beast               Ice/Summoning                4
 f - a book of Maledictions

   Spells                             Type                      Level
   a - Corona                         Hexes                        1
   b - Ensorcelled Hibernation        Hexes/Ice                    2
   c - Confuse                        Hexes                        3
   d - Tukima's Dance                 Hexes                        3
   e - Dazzling Spray                 Conjuration/Hexes            3
Comestibles
 c - 3 bread rations
 l - a beef jerky
 m - 5 fruits


   Skills:
 + Level 0.4 Fighting
 + Level 0.5 Short Blades
 + Level 3.2 Dodging
 + Level 2.5 Stealth
 + Level 5.0 Spellcasting
   Level 1.1 Conjurations
 + Level 1.3 Charms
 + Level 5.4 Ice Magic


You had 9 spell levels left.
You knew the following spells:

 Your Spells              Type           Power        Failure   Level  Hunger
a - Freeze                Ice            ####         1%          1    None
b - Ozocubu's Armour      Chrm/Ice       ###.....     10%         3    ##.....
c - Ensorcelled Hibernat  Hex/Ice        ###...       8%          2    None


Dungeon Overview and Level Annotations

Branches:
Dungeon (6/15)             Temple (1/1) D:6

Altars:
Ashenzari
Dithmenos
Elyvilon
Nemelex Xobeh
Pakellas
Vehumet
Xom
Yredelemnul

Shops:
D:4 (   D:5 =

Annotations:
D:4 kak's ghost, amateur TeFE


Innate Abilities, Weirdness & Mutations

You are resistant to electric shocks.


Message History

Aiming: Freeze
Press: ? - help, Shift-Dir - straight line, f/p - jelly
Aim: a jelly You freeze the jelly.
The jelly is heavily wounded.
The jelly hits you.
You are splashed with acid!
The acid corrodes you!
The acid burns!
* * * LOW HITPOINT WARNING * * *
You feel better. The jelly hits you.
You are splashed with acid!
The acid burns!
* * * LOW HITPOINT WARNING * * *
It was a potion of beneficial mutation.
You feel insulated.
You feel fantastic! The jelly closely misses you.
It was a potion of resistance.
You feel protected. The jelly hits you.
* * * LOW HITPOINT WARNING * * *
You are splashed with acid!
The acid burns!
You resist.
You die...

..## #. ..# .# # #.###
.# ####.#.## .#
##......## .#
....##...########.######
.....#....#.##..J.......
................@.......
...#.#########..........
...#.# ###########
####.## ####### #..###
####### ##...#####⌠.⌠##
#.#.....'.>.##
#########⌠.⌠## #######


You could see a jelly.

Vanquished Creatures
  2 giant frogs
  3 crimson imps (D:5)
  A jelly (D:3)
  A giant frog skeleton (D:5)
  Ijyb (D:2)
  5 adders
  An adder skeleton (D:4)
  A worm (D:3)
  A dart slug (D:2)
  A giant gecko (D:3)
  4 orcs
  2 ball pythons
  6 giant cockroaches
  A goblin (D:2)
  8 hobgoblins
  2 kobolds
  A quokka (D:3)
  4 giant newts
  A jackal skeleton (D:4)
  4 rats
50 creatures vanquished.

Notes
Turn   | Place    | Note
--------------------------------------------------------------
     0 | D:1      | mindo the High Elf Ice Elementalist began the quest for the Orb.
     0 | D:1      | Reached XP level 1. HP: 11/11 MP: 4/4
   198 | D:1      | Reached XP level 2. HP: 17/17 MP: 3/6
   783 | D:2      | Reached XP level 3. HP: 11/21 MP: 4/8
   829 | D:2      | Learned a level 3 spell: Ozocubu's Armour
   885 | D:2      | Noticed Ijyb
  1122 | D:2      | Killed Ijyb
  1122 | D:2      | Reached XP level 4. HP: 23/27 MP: 2/10
  1270 | D:2      | You fall through a shaft!
  1362 | D:3      | Found a shattered altar of Ashenzari.
  1929 | D:4      | Found Arpheppy's Weapon Emporium.
  2050 | D:4      | Reached XP level 5. HP: 24/31 MP: 8/12
  2089 | D:4      | Noticed an ogre
  2154 | D:4      | Noticed kak's ghost (amateur TeFE)
  2343 | D:4      | Noticed an ogre
  2377 | D:4      | Found a radiant altar of Vehumet.
  2431 | D:4      | Found a shadowy altar of Dithmenos.
  2553 | D:5      | Entered Level 5 of the Dungeon
  2744 | D:5      | Noticed a hippogriff
  2853 | D:5      | Found Nofanges's Jewellery Shoppe.
  2897 | D:5      | Found an oddly glowing altar of Pakellas.
  2994 | D:5      | Found a shimmering altar of Xom.
  2998 | D:5      | Reached skill level 1 in Charms
  3026 | D:5      | Reached skill level 5 in Ice Magic
  3041 | D:5      | Reached XP level 6. HP: 36/36 MP: 7/14
  3090 | D:6      | Found a staircase to the Ecumenical Temple.
  3102 | D:6      | Learned a level 2 spell: Ensorcelled Hibernation
  3137 | Temple   | Entered the Ecumenical Temple
  3277 | D:5      | Reached skill level 5 in Spellcasting
  3471 | D:6      | Gained mutation: You are resistant to electric shocks. [potion of beneficial mutation]
  3472 | D:6      | Splashed by a jelly's acid

Skill      XL: |  1  2  3  4  5  6 |
---------------+-------------------+-----
Spellcasting   | 3 4 5 |  5.0
Ice Magic      | 4 5 |  5.4
Charms         | 1 |  1.3
Dodging        | 3 |  3.2
Fighting       | |  0.4
Short Blades   | |  0.5
Stealth        | |  2.5
Conjurations   | |  1.1

Action                   |  1- 3 |  4- 6 || total
-------------------------+-------+-------++-------
Melee: Short sword       |     6 |     3 ||     9
       Dagger            |       |    13 ||    13
       Quarterstaff      |       |     4 ||     4
 Cast: Freeze            |    38 |    62 ||   100
       Ozocubu's Armour  |     3 |     7 ||    10
       Ensorcelled Hiber |       |     6 ||     6
  Use: Potion            |     2 |     4 ||     6
       Scroll            |       |     4 ||     4
  Eat: Meat ration       |     1 |     1 ||     2
       Fruit             |       |     2 ||     2
Armor: Robe              |     7 |    15 ||    22
Dodge: Dodged            |    18 |    64 ||    82
